[ AOE2 MATCH · #462872287 ]
1v1 RMAztecs vs Franks
Player's team · LOSS
Rival team · WIN
[ REPLAY ANALYSIS · EXTRACTED FROM THE RECORDED GAME ]
Feudal
9:28
Castle
24:08
Imperial
—
| APM avg | 37.5 |
| APM peak | 103 |
| eAPM avg | 18.4 |
| Villagers / military | 55 / 58 |
Focus
⚔️ 31.2% · 🌾 68.8%
Eagle Scout ×46 · Battering Ram ×4 · Militia ×3 · Monk ×3 · Spearman ×2
Feudal
9:53
Castle
21:24
Imperial
—
| APM avg | 32.6 |
| APM peak | 57 |
| eAPM avg | 12.4 |
| Villagers / military | 60 / 31 |
Focus
⚔️ 27.0% · 🌾 73.0%
Knight ×22 · Throwing Axeman ×4 · Scout Cavalry ×2 · Archer ×2 · Monk ×1
Match map
Initial resources + every placement click. Lines = walls · curves = elevation contours. ◆ gold · ⬟ stone · ● berries · ✦ relic · ◌ wall gap
Your base· Open — unwalled flank
Narue's base· Open — unwalled flank
Smoothed initial terrain · ◌ = detected wall gap · hover for details
Inputs per minute
— wolfrun10 - - Narue
Build order — wolfrun10
First 150 of 154 actions detected
| 0:02 | Create | Villager (Male) |
| 0:03 | Create | Villager (Male) |
| 0:03 | Create | Villager (Male) |
| 0:03 | Create | Villager (Male) |
| 0:07 | Build | House |
| 0:08 | Build | House |
| 1:26 | Create | Villager (Male) |
| 1:26 | Create | Villager (Male) |
| 2:17 | Build | Lumber Camp |
| 2:18 | Create | Villager (Male) |
| 2:18 | Create | Villager (Male) |
| 2:57 | Create | Villager (Male) |
| 2:57 | Create | Villager (Male) |
| 3:14 | Create | Villager (Male) |
| 3:39 | Create | Villager (Male) |
| 4:16 | Build | House |
| 4:23 | Create | Villager (Male) |
| 4:23 | Create | Villager (Male) |
| 4:24 | Create | Villager (Male) |
| 4:24 | Create | Villager (Male) |
| 4:52 | Build | Mill |
| 5:19 | Create | Villager (Male) |
| 5:35 | Build | House |
| 5:40 | Create | Villager (Male) |
| 6:07 | Create | Villager (Male) |
| 6:08 | Research | Loom |
| 7:04 | Research | Feudal Age |
| 7:57 | Build | Barracks |
| 8:25 | Create | Villager (Male) |
| 8:25 | Create | Villager (Male) |
| 8:31 | Build | House |
| 9:21 | Create | Militia |
| 9:21 | Create | Militia |
| 9:21 | Create | Militia |
| 9:28 | Age | Feudal Age |
| 9:41 | Build | Mining Camp |
| 9:44 | Research | Double-Bit Axe |
| 9:49 | Create | Villager (Male) |
| 10:02 | Research | Man-at-Arms (upgrade) |
| 10:09 | Build | Farm |
| 10:12 | Build | Farm |
| 10:15 | Build | Farm |
| 10:19 | Build | Farm |
| 10:20 | Create | Villager (Male) |
| 10:56 | Build | House |
| 10:58 | Build | House |
| 11:01 | Create | Villager (Male) |
| 11:03 | Build | Farm |
| 11:12 | Create | Villager (Male) |
| 11:14 | Build | Farm |
| 11:35 | Create | Villager (Male) |
| 11:53 | Build | Farm |
| 12:02 | Build | Farm |
| 12:05 | Build | Farm |
| 12:11 | Create | Villager (Male) |
| 12:28 | Create | Villager (Male) |
| 12:34 | Create | Spearman |
| 12:50 | Create | Spearman |
| 12:57 | Build | House |
| 13:01 | Build | House |
| 13:43 | Build | Farm |
| 13:43 | Build | Farm |
| 13:43 | Build | Farm |
| 13:43 | Build | Farm |
| 13:43 | Build | Farm |
| 13:44 | Build | Farm |
| 13:51 | Research | Horse Collar |
| 14:31 | Create | Villager (Male) |
| 15:24 | Create | Villager (Male) |
| 15:29 | Build | Farm |
| 15:30 | Create | Villager (Male) |
| 15:34 | Build | House |
| 15:46 | Create | Villager (Male) |
| 15:57 | Build | Farm |
| 16:05 | Create | Eagle Scout |
| 16:05 | Create | Eagle Scout |
| 16:06 | Create | Eagle Scout |
| 16:06 | Create | Eagle Scout |
| 16:09 | Create | Eagle Scout |
| 16:09 | Create | Eagle Scout |
| 16:11 | Create | Villager (Male) |
| 16:19 | Research | Gold Mining |
| 16:21 | Create | Villager (Male) |
| 16:24 | Build | House |
| 16:29 | Build | Palisade Wall |
| 16:39 | Build | Blacksmith |
| 16:53 | Build | House |
| 17:04 | Create | Villager (Male) |
| 17:17 | Create | Villager (Male) |
| 17:28 | Create | Eagle Scout |
| 17:59 | Research | Scale Mail Armor |
| 18:05 | Build | Barracks |
| 18:07 | Build | Barracks |
| 18:12 | Create | Villager (Male) |
| 18:18 | Build | Farm |
| 18:40 | Build | House |
| 18:42 | Build | House |
| 18:47 | Create | Villager (Male) |
| 18:48 | Create | Villager (Male) |
| 18:53 | Build | Farm |
| 19:30 | Create | Villager (Male) |
| 19:43 | Build | House |
| 20:25 | Create | Villager (Male) |
| 20:28 | Build | House |
| 20:40 | Build | Archery Range |
| 20:43 | Create | Villager (Male) |
| 21:28 | Research | Castle Age |
| 21:34 | Research | Forging |
| 21:38 | Create | Eagle Scout ×5 |
| 21:38 | Create | Eagle Scout ×5 |
| 21:38 | Create | Eagle Scout ×2 |
| 22:07 | Research | Arson |
| 22:09 | Create | Eagle Scout ×2 |
| 22:09 | Create | Eagle Scout ×2 |
| 22:32 | Build | Farm |
| 22:34 | Build | Farm |
| 22:48 | Create | Eagle Scout ×3 |
| 22:54 | Build | Lumber Camp |
| 23:27 | Create | Eagle Scout ×3 |
| 24:08 | Age | Castle Age |
| 24:10 | Create | Eagle Scout ×4 |
| 24:20 | Build | Monastery |
| 24:23 | Build | Town Center |
| 24:38 | Research | Squires |
| 25:10 | Create | Monk |
| 25:10 | Create | Monk |
| 25:10 | Create | Monk |
| 25:14 | Create | Villager (Male) |
| 26:11 | Build | Market |
| 26:14 | Create | Villager (Male) |
| 26:14 | Create | Villager (Male) |
| 26:14 | Create | Villager (Male) |
| 26:26 | Research | Eagle Warrior (upgrade) |
| 26:28 | Research | Chain Mail Armor |
| 26:31 | Create | Villager (Male) |
| 26:35 | Create | Villager (Male) |
| 27:01 | Build | Farm |
| 27:04 | Create | Villager (Male) |
| 27:05 | Create | Villager (Male) |
| 27:06 | Create | Villager (Male) |
| 27:13 | Build | Monastery |
| 27:24 | Create | Villager (Male) |
| 27:26 | Create | Villager (Male) |
| 27:42 | Build | Town Center |
| 27:57 | Create | Eagle Scout ×5 |
| 27:57 | Create | Eagle Scout ×5 |
| 27:57 | Create | Eagle Scout ×3 |
| 28:47 | Create | Villager (Male) |
| 29:05 | Build | Siege Workshop |
| 30:15 | Create | Battering Ram |
Build order — Narue
First 150 of 161 actions detected
| 0:00 | Create | Villager (Male) |
| 0:01 | Create | Villager (Male) |
| 0:01 | Create | Villager (Male) |
| 0:03 | Build | House |
| 0:04 | Build | House |
| 0:13 | Create | Villager (Male) |
| 1:30 | Create | Villager (Male) |
| 1:59 | Create | Villager (Male) |
| 2:12 | Build | Lumber Camp |
| 2:16 | Create | Villager (Male) |
| 2:54 | Create | Villager (Male) |
| 3:02 | Create | Villager (Male) |
| 3:24 | Create | Villager (Male) |
| 3:54 | Build | House |
| 4:15 | Create | Villager (Male) |
| 4:20 | Create | Villager (Male) |
| 4:49 | Build | Mill |
| 5:01 | Create | Villager (Male) |
| 5:02 | Create | Villager (Male) |
| 5:02 | Create | Villager (Male) |
| 5:42 | Create | Villager (Male) |
| 5:47 | Create | Villager (Male) |
| 5:48 | Create | Villager (Male) |
| 6:02 | Create | Villager (Male) |
| 6:08 | Build | House |
| 6:35 | Research | Loom |
| 7:15 | Create | Villager (Male) |
| 7:34 | Build | Barracks |
| 7:43 | Research | Feudal Age |
| 9:21 | Build | Farm |
| 9:53 | Age | Feudal Age |
| 9:55 | Build | Stable |
| 9:56 | Create | Villager (Male) |
| 10:07 | Research | Double-Bit Axe |
| 10:18 | Create | Villager (Male) |
| 10:35 | Build | Farm |
| 10:41 | Create | Scout Cavalry |
| 10:41 | Create | Scout Cavalry |
| 10:45 | Create | Villager (Male) |
| 10:57 | Build | House |
| 10:59 | Build | Blacksmith |
| 11:15 | Create | Villager (Male) |
| 11:25 | Create | Villager (Male) |
| 11:30 | Build | House |
| 11:49 | Create | Villager (Male) |
| 11:59 | Create | Villager (Male) |
| 12:16 | Create | Villager (Male) |
| 12:22 | Build | House |
| 12:24 | Build | Palisade Wall |
| 12:28 | Build | Palisade Wall |
| 12:42 | Create | Villager (Male) |
| 12:44 | Build | Farm |
| 12:54 | Create | Villager (Male) |
| 13:00 | Create | Villager (Male) |
| 13:09 | Build | Mining Camp |
| 13:28 | Create | Villager (Male) |
| 13:30 | Research | Forging |
| 13:41 | Create | Villager (Male) |
| 14:04 | Build | Archery Range |
| 14:15 | Create | Villager (Male) |
| 14:34 | Build | Palisade Wall |
| 14:35 | Build | Palisade Gate |
| 14:47 | Create | Villager (Male) |
| 14:57 | Create | Villager (Male) |
| 15:06 | Build | House |
| 15:31 | Create | Villager (Male) |
| 15:36 | Build | Farm |
| 15:37 | Build | Farm |
| 15:38 | Build | Farm |
| 15:41 | Build | Farm |
| 15:42 | Build | Farm |
| 15:43 | Build | Farm |
| 15:55 | Build | Farm |
| 15:58 | Build | Farm |
| 15:59 | Build | Farm |
| 16:04 | Create | Villager (Male) |
| 16:14 | Build | Farm |
| 16:21 | Build | Farm |
| 16:28 | Create | Archer |
| 16:28 | Create | Archer |
| 16:31 | Build | Farm |
| 16:33 | Build | Farm |
| 16:48 | Create | Villager (Male) |
| 17:00 | Build | Farm |
| 17:05 | Build | Farm |
| 17:06 | Create | Villager (Male) |
| 17:21 | Build | House |
| 17:38 | Create | Villager (Male) |
| 17:44 | Research | Town Watch |
| 17:58 | Build | Market |
| 18:04 | Build | House |
| 18:10 | Create | Villager (Male) |
| 18:20 | Build | Mining Camp |
| 18:44 | Research | Castle Age |
| 18:57 | Research | Stone Mining |
| 19:25 | Build | Stable |
| 19:34 | Research | Gold Mining |
| 20:00 | Build | Palisade Wall |
| 20:02 | Build | Palisade Wall |
| 20:05 | Build | Palisade Wall |
| 20:07 | Build | Palisade Wall |
| 20:10 | Build | Palisade Wall |
| 20:12 | Build | Palisade Wall |
| 20:24 | Build | House |
| 20:27 | Build | House |
| 20:32 | Build | House |
| 20:49 | Research | Scale Barding Armor |
| 21:01 | Build | Palisade Wall |
| 21:24 | Age | Castle Age |
| 21:30 | Create | Knight |
| 21:30 | Create | Knight |
| 21:33 | Create | Villager (Male) |
| 21:34 | Create | Villager (Male) |
| 21:57 | Create | Villager (Male) |
| 22:07 | Build | Farm |
| 22:15 | Research | Iron Casting |
| 22:16 | Create | Villager (Male) |
| 22:40 | Create | Villager (Male) |
| 22:43 | Build | Farm |
| 22:58 | Create | Knight |
| 22:59 | Create | Knight |
| 23:05 | Create | Villager (Male) |
| 23:34 | Create | Villager (Male) |
| 23:56 | Create | Knight |
| 23:58 | Create | Knight |
| 24:03 | Create | Villager (Male) |
| 25:04 | Create | Knight |
| 25:05 | Create | Knight |
| 25:05 | Create | Villager (Male) |
| 25:05 | Create | Villager (Male) |
| 25:21 | Create | Villager (Male) |
| 25:23 | Create | Knight |
| 25:50 | Build | Monastery |
| 25:52 | Build | House |
| 25:55 | Create | Knight |
| 25:56 | Create | Knight |
| 26:09 | Create | Villager (Male) |
| 26:14 | Create | Knight |
| 26:32 | Build | Siege Workshop |
| 26:37 | Create | Villager (Male) |
| 26:43 | Create | Monk |
| 26:59 | Create | Villager (Male) |
| 27:00 | Create | Villager (Male) |
| 27:17 | Create | Knight |
| 27:17 | Create | Knight |
| 27:17 | Create | Knight |
| 27:26 | Build | Castle |
| 29:01 | Create | Knight ×4 |
| 29:09 | Build | Town Center |
| 29:36 | Create | Throwing Axeman |
Match timeline
| 7:34 | Narue · first_building Barracks |
| 7:57 | wolfrun10 · first_building Barracks |
| 9:28 | wolfrun10 · age_up feudal |
| 9:53 | Narue · age_up feudal |
| 9:55 | Narue · first_building Stable |
| 12:24 | Narue · wall_segment Palisade Wall x1 |
| 12:28 | Narue · wall_segment Palisade Wall x1 |
| 14:04 | Narue · first_building Archery Range |
| 14:34 | Narue · wall_segment Palisade Wall x3 |
| 16:29 | wolfrun10 · wall_segment Palisade Wall x6 |
| 20:00 | Narue · wall_segment Palisade Wall x1 |
| 20:02 | Narue · wall_segment Palisade Wall x1 |
| 20:05 | Narue · wall_segment Palisade Wall x1 |
| 20:07 | Narue · wall_segment Palisade Wall x1 |
| 20:10 | Narue · wall_segment Palisade Wall x1 |
| 20:12 | Narue · wall_segment Palisade Wall x1 |
| 20:40 | wolfrun10 · first_building Archery Range |
| 21:01 | Narue · wall_segment Palisade Wall x1 |
| 21:24 | Narue · age_up castle |
| 24:08 | wolfrun10 · age_up castle |
| 24:20 | wolfrun10 · first_building Monastery |
| 25:50 | Narue · first_building Monastery |
| 26:32 | Narue · first_building Siege Workshop |
| 27:13 | Narue · first_market_sell 100 food |
| 27:26 | Narue · first_building Castle |
| 29:05 | wolfrun10 · first_building Siege Workshop |
| 31:05 | wolfrun10 · resign |
[ AI ANALYSIS · 1 CREDIT ]
What really happened in this match?
Wolo.gg analyzes every decision: build order, eco, micro, common mistakes by bracket. Personalized analysis on WhatsApp or Discord in 30 seconds.
Civ guide
Aztecs
Map guide
Arabia
Perfil
Jugador #19354417